[Event "*** Titled Tuesday Blitz"]
[Site "Chess.com"]
[Date "2020.11.10"]
[Round "11"]
[White "Pavlov_Sergey"]
[Black "ChelsieMonica"]
[Result "1-0"]
[WhiteElo "2609"]
[BlackElo "2376"]
[TimeControl "180+1"]
[EndTime "12:12:46 PST"]
[Termination "Pavlov_Sergey won by resignation"]

1. c4 e5 2. Nc3 Nc6 3. e3 Nf6 4. Nf3 Be7 5. d4 exd4 6. Nxd4 O-O 7. Nc2 d6 8. Be2 Bf5 9. b3 Ne4 10. Nxe4 Bxe4 11. Bb2 Bf6 12. Nd4 Nxd4 13. Bxd4 c5 14. Bxf6 Qxf6 15. O-O Rad8 16. f3 Bc6 17. e4 Qe5 18. Qd2 f5 19. exf5 Qxf5 20. Rfe1 Rfe8 21. Bd3 Qf6 22. Qc2 g6 23. Rad1 Re5 24. Rxe5 dxe5 25.
Be4 Rd4 26. Bxc6 Qxc6 27. Re1 Qd6 28. Qe2 e4 29. fxe4 Rd2 30. Qe3 Rxa2 31. e5 Qc6 32. Qg5 Qe6 33. Rf1 Kg7 34. Qd8 Kh6 35. Qf8+ Kh5 36. Qf3+ Kh6 37. Qf8+ Kh5 38. Qxc5 b6 39. Qe3 g5 40. Qf3+ Kg6 41. Qe4+ Kh6 42. Rf6+ 1-0

[Event "*** Titled Tuesday Blitz"]
[Site "Chess.com"]
[Date "2020.11.10"]
[Round "11"]
[White "dennisodessa"]
[Black "temus_galaktionov"]
[Result "0-1"]
[WhiteElo "2459"]
[BlackElo "2618"]
[TimeControl "180+1"]
[EndTime "12:12:46 PST"]
[Termination "temus_galaktionov won on time"]

1. d4 c6 2. c4 g6 3. Nc3 Bg7 4. e4 d6 5. Be3 Nd7 6. Qd2 e5 7. d5 c5 8. Bd3 Ne7 9. f3 f5 10. Bh6 Bf6 11. exf5 gxf5 12. Nge2 Nf8 13. O-O-O Nfg6 14. g3 a6 15. h4 Bd7 16. Bg5 Nc8 17.
Bxf6 Qxf6 18. Qg5 Kf7 19. g4 f4 20. Qxf6+ Kxf6 21. Ne4+ Ke7 22. N2c3 b5 23. b3 bxc4 24.
bxc4 Nb6 25. Kc2 Rhb8 26. Rb1 Na4 27. h5 Nf8 28. Rb3 Nxc3 29. Kxc3 Rxb3+ 30. axb3 a5 31. Ra1 a4 32. bxa4 Rxa4 33. Rxa4 Bxa4 34. Nd2 h6 35. Bc2 Be8 36. Bf5 Bd7 37. Be4 Ba4 38. Bc2 Bd7 39.
Kb3 Bc8 40. Ka3 Nd7 41. Bf5 Nb6 42. Bxc8 Nxc8 43. Ka4 Nb6+ 44. Kb5 Nd7 45. Ne4 Nf6 46. Kc6 Nxe4 47. fxe4 f3 48. g5 f2 49. gxh6 f1=Q 50. h7 Qf8 0-1

[Event "*** Titled Tuesday Blitz"]
[Site "Chess.com"]
[Date "2020.11.10"]
[Round "11"]
[White "Paralinch"]
[Black "Karateloru"]
[Result "1-0"]
[WhiteElo "2869"]
[BlackElo "2754"]
[TimeControl "180+1"]
[EndTime "12:12:47 PST"]
[Termination "Paralinch won by resignation"]

1. e4 c5 2. Nf3 e6 3. d4 cxd4 4. Nxd4 Bc5 5. Nc3 Ne7 6. Be2 O-O 7.
O-O Nbc6 8. Be3 Bb6 9. Qd2 d5 10. exd5 Nxd5 11. Nxd5 Qxd5 12. Bf3 Qd7 13. Nxc6 bxc6 14.
Qxd7 Bxd7 15. Rfd1 Rad8 16. Bxb6 axb6 17. Rd6 Bc8 18.
Rad1 Rxd6 19. Rxd6 Ba6 20. Rxc6 Rb8 21. a4 Bc8 22.
Rc7 Kf8 23. b4 g6 24. Kf1 h5 25. h4 Ke8 26. Bc6+ Kf8 27. Ke1 f6 28. g3 e5 29. Bd5 Bf5 30. c4 Ke8 31. Kd2 Rd8 32. Kc3 Rd6 33. a5 bxa5 34. bxa5 Kd8 35. Rf7 Bc8 36. Rg7 f5 37. Kb4 e4 38. Bf7 f4 39.
gxf4 Rf6 40. Bxg6 Rxf4 41. Rg8+ Kc7 42. Rg7+ Kd8 43. Kb5 Rxf2 44. Bxe4 Rf4 45. Bd5 Rxh4 46. a6 Rh2 47. a7 Rb2+ 48. Kc5 1-0

[Event "*** Titled Tuesday Blitz"]
[Site "Chess.com"]
[Date "2020.11.10"]
[Round "11"]
[White "Mambastik-Fantastic"]
[Black "SaqoChess_Twitch"]
[Result "0-1"]
[WhiteElo "2306"]
[BlackElo "2456"]
[TimeControl "180+1"]
[EndTime "12:12:47 PST"]
[Termination "SaqoChess_Twitch won by resignation"]

1. e4 c5 2. Nf3 d6 3. d4 cxd4 4. Nxd4 Nf6 5. Nc3 g6 6. Be3 Bg7 7. f3 O-O 8. Qd2 Nc6 9. g4 Nxd4 10. Bxd4 Be6 11. O-O-O Qa5 12. Kb1 Rfc8 13. a3 Rab8 14. h4 b5 15. g5 b4 16. Ne2 Nh5 17. Bxg7 Kxg7 18. Nd4 Bc4 19. Bh3 e6 20. b3 Qxa3 21. bxc4 Rxc4 22. Bxe6 fxe6 23. Nxe6+ Kh8 24. Qxd6 Rbc8 25.
Qe5+ Kg8 26. Rd7 Qc3 27. Qxc3 bxc3 28. Rhd1 Rb4+ 29. Kc1 Ra4 30. Rd8+ Rxd8 31. Rxd8+ Kf7 32. Kd1 Kxe6 33. Ke2 Ra2 34. Kd3 Nf4+ 35. Kxc3 Ra3+ 36. Kb4 Rxf3 37. c4 a5+ 38. Kxa5 Ke5 39. c5 Rc3 40. Kb6 Rxc5 41. Re8+ Ne6 42. Rxe6+ Kxe6 43. Kxc5 Ke5 44. Kc6 Kxe4 45. Kd6 Kf5 46. Ke7 Kg4 47. Kf6 Kxh4 48. Kg7 Kxg5 0-1

[Event "*** Titled Tuesday Blitz"]
[Site "Chess.com"]
[Date "2020.11.10"]
[Round "11"]
[White "Leo_C"]
[Black "Alomaterapia"]
[Result "1-0"]
[WhiteElo "2297"]
[BlackElo "2423"]
[TimeControl "180+1"]
[EndTime "12:12:47 PST"]
[Termination "Leo_C won on time"]

1. d4 d5 2. c4 c6 3. cxd5 cxd5 4. Bf4 Nc6 5. e3 Nf6 6. Nc3 a6 7. Be2 Bf5 8. Nf3 e6 9. Qb3 Ra7 10. O-O Bd6 11. Bxd6 Qxd6 12. Rac1 O-O 13. Na4 b5 14.
Nc5 Ne4 15. a4 Rb8 16. axb5 axb5 17. Nxe4 Bxe4 18. Ra1 Bxf3 19. gxf3 h6 20. f4 b4 21. Rxa7 Nxa7 22. Ra1 Nc8 23. Ra6 Nb6 24. Qa2 g6 25. Qa5 Kg7 26. Bd3 Qc7 27. Qc5 Qxc5 28. dxc5 Nd7 29. Rc6 Nf6 30. Rc7 Ne8 31. Ra7 b3 32. Ba6 Rb4 33. Ra8 Nc7 34. Ra7 Nxa6 35. Rxa6 Rc4 36.
Rb6 Rxc5 37. Rxb3 Kf6 38. Rb7 1-0

[Event "*** Titled Tuesday Blitz"]
[Site "Chess.com"]
[Date "2020.11.10"]
[Round "11"]
[White "mapleaff"]
[Black "giantslayer83"]
[Result "0-1"]
[WhiteElo "2427"]
[BlackElo "2711"]
[TimeControl "180+1"]
[EndTime "12:12:48 PST"]
[Termination "giantslayer83 won on time"]

1. e4 c6 2. Nf3 d5 3. d3 g6 4. Nc3 Bg7 5. Be2 Bg4 6. h3 Bxf3 7. Bxf3 e6 8. O-O Ne7 9. g3 O-O 10. Bg2 Nd7 11. Bd2 b5 12. Qc1 b4 13. Ne2 Qb6 14. Bh6 a5 15. Bxg7 Kxg7 16. a3 h6 17. Kh2 Rfb8 18. axb4 axb4 19. Rxa8 Rxa8 20. c3 Ra2 21. h4 bxc3 22. Qxc3+ Nf6 23. Nf4 Qxb2 24.
Qc5 Qa3 25. Qd4 c5 26. Qe5 dxe4 27. dxe4 Qb2 28. Qxc5 Ng4+ 29. Kg1 Qf6 30. Bh3 Ne5 31. Bg2 N7c6 32. Qe3 Nd4 33. Kh2 Ng4+ 34. Kg1 Nxe3 35. fxe3 Nf5 36. exf5 exf5 37. e4 Qd4+ 38. Kh2 fxe4 0-1

[Event "*** Titled Tuesday Blitz"]
[Site "Chess.com"]
[Date "2020.11.10"]
[Round "11"]
[White "Roman_Ovetchkin"]
[Black "ChristopherYoo"]
[Result "1-0"]
[WhiteElo "2627"]
[BlackElo "2811"]
[TimeControl "180+1"]
[EndTime "12:12:49 PST"]
[Termination "Roman_Ovetchkin won on time"]

1. d4 Nf6 2. c4 g6 3. Nc3 d5 4. cxd5 Nxd5 5. e4 Nxc3 6. bxc3 Bg7 7. Nf3 c5 8. Rb1 O-O 9. Be2 b6 10. O-O Bb7 11. d5 Bxc3 12. Bc4 Bg7 13. e5 Ba6 14. Qd3 Bxc4 15. Qxc4 e6 16. dxe6 fxe6 17. Qxe6+ Kh8 18. Ng5 Qd7 19. Qb3 Nc6 20. e6 Qe7 21. Qh3 Bf6 22.
Nf7+ Kg8 23. Bf4 Rae8 24. Rfe1 Bd4 25. Bd6 Bxf2+ 26. Kh1 Qf6 27. Re2 Nd4 28. Nh6+ Kh8 29. Be5 Nxe2 30. Bxf6+ Rxf6 31. Nf7+ Kg7 32. Ng5 h6 33.
Ne4 Rf4 34. Nxf2 Rxf2 35. Qe3 Ref8 36. g3 R8f3 37. Qe5+ 1-0

[Event "*** Titled Tuesday Blitz"]
[Site "Chess.com"]
[Date "2020.11.10"]
[Round "11"]
[White "ShahMatKanal"]
[Black "ljuks68"]
[Result "0-1"]
[WhiteElo "2489"]
[BlackElo "2397"]
[TimeControl "180+1"]
[EndTime "12:12:49 PST"]
[Termination "ljuks68 won by checkmate"]

1. d4 d5 2. Bf4 Nf6 3. e3 c5 4. c3 Nc6 5. Nd2 Qb6 6. Qb3 c4 7. Qc2 Bg4 8. b3 cxb3 9. axb3 e6 10. Bd3 Rc8 11. Qb2 Be7 12. Ne2 O-O 13. Ng3 e5 14. dxe5 Nd7 15. Nf5 Bc5 16. c4 d4 17.
exd4 Nxd4 18. Ne3 Ne6 19. Nd5 Nxf4 20. Nxf4 Bxf2+ 21. Kf1 Bd4 22. Qb1 Bxa1 23. Qxa1 Qe3 24. Nd5 Qxd3+ 25. Kg1 Qxd2 26. h3 Be6 27. Ne7+ Kh8 28.
Nxc8 Rxc8 29. Qxa7 Qe1+ 30. Kh2 Qxe5+ 31. Kg1 Nc5 32.
Qb6 Ra8 33. g3 Ra1+ 34. Kg2 Qe2# 0-1

[Event "*** Titled Tuesday Blitz"]
[Site "Chess.com"]
[Date "2020.11.10"]
[Round "11"]
[White "sboshaon21"]
[Black "HanSchut"]
[Result "0-1"]
[WhiteElo "2059"]
[BlackElo "2202"]
[TimeControl "180+1"]
[EndTime "12:12:50 PST"]
[Termination "HanSchut won on time"]

1. e4 c5 2. Nf3 d6 3. d3 g6 4.
g3 Bg7 5. Bg2 e6 6. O-O Ne7 7. Bg5 h6 8. Bc1 O-O 9. c3 Kh7 10. Be3 Nbc6 11. Nbd2 Rb8 12. Ne1 b5 13. f4 a5 14. Nef3 b4 15. Qc2 Ba6 16. Rae1 a4 17.
h3 a3 18. bxa3 bxc3 19. Nb3 c4 20. dxc4 Bxc4 21. Rf2 Na5 22. Bd4 Nxb3 23. axb3 Bxb3 24. Qxc3 Bxd4 25. Qxd4 Qb6 26. Kh2 Nc6 27. Qxb6 Rxb6 28. Rb2 Rfb8 29. Reb1 Na5 30. Nd4 e5 31. Nxb3 Rxb3 32.
Rxb3 Rxb3 33. Rxb3 Nxb3 34. Bf1 Nc5 35. Bg2 Kg7 36. Kg1 Kf8 37. Kf2 Ke7 38. Ke3 Kd7 39. Kd2 Kc6 40. Kc3 Kb5 41. Bf1+ Ka4 42. Bg2 Kxa3 43.
Kc4 Kb2 44. Kd5 exf4 45. gxf4 Nd3 0-1

[Event "*** Titled Tuesday Blitz"]
[Site "Chess.com"]
[Date "2020.11.10"]
[Round "11"]
[White "gui_borba"]
[Black "queen_iryna"]
[Result "1-0"]
[WhiteElo "2434"]
[BlackElo "2278"]
[TimeControl "180+1"]
[EndTime "12:12:52 PST"]
[Termination "gui_borba won by resignation"]

1. d4 d6 2. e4 Nf6 3. Nc3 e5 4. Nf3 Nbd7 5. Bc4 Be7 6. O-O O-O 7. a4 c6 8. Re1 h6 9. h3 Re8 10. a5 Bf8 11. dxe5 dxe5 12. Nh4 Qc7 13. Nf5 Nc5 14. Qf3 Ne6 15. Nxh6+ gxh6 16. Qxf6 Bg7 17. Qf3 Nd4 18. Qg3 Kh7 19. Bd3 Rg8 20. Kh2 Be6 21.
Qh4 Rae8 22. Re3 Qe7 23. Qh5 Qf6 24. Rg3 Bh8 25. Be3 Rxg3 26. fxg3 Qg6 27. Qd1 Rg8 28. Qe1 f5 29. Qf2 f4 30. gxf4 exf4 31. Bxf4 Bc8 32. Rg1 Bf6 33. e5 Bf5 34. exf6 Bxd3 35. cxd3 Qxf6 36. Ne4 Qf7 37. Bg3 Qd7 38. Nf6+ 1-0

[Event "*** Titled Tuesday Blitz"]
[Site "Chess.com"]
[Date "2020.11.10"]
[Round "11"]
[White "BogdanDeac"]
[Black "FormerProdigy"]
[Result "1-0"]
[WhiteElo "2836"]
[BlackElo "2884"]
[TimeControl "180+1"]
[EndTime "12:12:53 PST"]
[Termination "BogdanDeac won by resignation"]

1. d4 Nf6 2. c4 e6 3. Nf3 d5 4. g3 Be7 5. Bg2 O-O 6. O-O dxc4 7. Qc2 a6 8. a4 Bd7 9. Qxc4 Bc6 10. Bg5 Nbd7 11.
Nc3 h6 12. Bxf6 Nxf6 13. a5 Bd5 14. Qd3 Bxf3 15. Bxf3 c6 16. Qc4 Qc7 17. Rfd1 Rfd8 18. b4 Rac8 19. Na4 e5 20. Nb6 Rb8 21. d5 Qd6 22. dxc6 Qxd1+ 23. Rxd1 Rxd1+ 24. Kg2 bxc6 25. Bxc6 Rd4 26. Qxa6 Bxb4 27. Qa7 Rbd8 28. a6 Bc5 29. Qc7 Bxb6 30. Qxb6 R4d6 31. a7 Rc8 32. Qb7 Rdd8 33. Qe7 Nd5 34. Qb7 Nc7 35. e4 g6 36. Qb6 h5 37. Bb7 Na8 38. Qa5 Rc2 39. Qxd8+ 1-0

[Event "*** Titled Tuesday Blitz"]
[Site "Chess.com"]
[Date "2020.11.10"]
[Round "11"]
[White "Orest_Vovk"]
[Black "tsaruk_maks"]
[Result "0-1"]
[WhiteElo "2577"]
[BlackElo "2621"]
[TimeControl "180+1"]
[EndTime "12:12:54 PST"]
[Termination "tsaruk_maks won by resignation"]

1. d4 Nf6 2. Bf4 d5 3. e3 e6 4.
Nf3 Bd6 5. Bxd6 Qxd6 6. Nbd2 O-O 7. Be2 c5 8. c3 Nc6 9. O-O e5 10. dxe5 Nxe5 11. c4 Bf5 12. cxd5 Rad8 13. Nc4 Nxc4 14. Bxc4 Be4 15. Qb3 Bxd5 16. Bxd5 Qxd5 17. Qxd5 Rxd5 18. Rfd1 Rfd8 19. Rxd5 Rxd5 20. Kf1 Ne4 21. Ke2 f6 22. Rc1 Kf7 23. Rc2 Ke6 24. Nd2 Nxd2 25. Rxd2 Rxd2+ 26. Kxd2 Kd5 27. Kd3 f5 28. a4 b6 29. f3 a6 30.
e4+ fxe4+ 31. fxe4+ Ke5 32. Kc4 Kxe4 33. a5 bxa5 34. Kxc5 Kd3 35. Kb6 a4 36. Kxa6 Kc2 37. Ka5 Kb3 38. g3 h5 39. Kb5 g5 40. Ka5 g4 41. Kb5 Kxb2 42. Kxa4 Kc2 43. Kb4 Kd2 44. Kc4 Ke3 45. Kc3 Kf3 46. Kd3 Kg2 47. Ke3 Kxh2 0-1

[Event "*** Titled Tuesday Blitz"]
[Site "Chess.com"]
[Date "2020.11.10"]
[Round "11"]
[White "ambaixador"]
[Black "ChronicUnhappiness"]
[Result "1-0"]
[WhiteElo "2456"]
[BlackElo "2328"]
[TimeControl "180+1"]
[EndTime "12:12:54 PST"]
[Termination "ambaixador won by resignation"]

1. Nf3 Nf6 2. c4 e6 3. g3 b6 4. Bg2 Bb7 5. O-O c5 6. b3 Be7 7.
Bb2 O-O 8. d3 a6 9. Nbd2 Qc7 10.
h3 Nc6 11. e3 d5 12. Qe2 Rad8 13. Rad1 d4 14. exd4 cxd4 15. a3 a5 16. Rfe1 Bc5 17. Rb1 Rfe8 18. Ng5 e5 19. Nde4 Be7 20. Nxf6+ Bxf6 21. Ne4 Be7 22. g4 Bf8 23. Bc1 Ne7 24. b4 axb4 25. axb4 Ng6 26. Qf3 Nh4 27. Nf6+ gxf6 28.
Qxb7 Qxb7 29. Bxb7 f5 30. Bg5 Be7 31. Bc6 Bxg5 32.
Bxe8 Rxe8 33. Re2 e4 34. gxf5 e3 35. c5 bxc5 36. bxc5 Nf3+ 37. Kg2 Ne5 38. fxe3 Bxe3 39. Rc2 Rc8 40. Rb6 Rc6 41. Rxc6 Nxc6 42. Kf3 Kf8 43. Ke4 Ke7 44. Rb2 Kf6 45. Rb6 1-0

[Event "*** Titled Tuesday Blitz"]
[Site "Chess.com"]
[Date "2020.11.10"]
[Round "11"]
[White "Algeriano22"]
[Black "Ranindu2003"]
[Result "1-0"]
[WhiteElo "2691"]
[BlackElo "2543"]
[TimeControl "180+1"]
[EndTime "12:12:56 PST"]
[Termination "Algeriano22 won by resignation"]

1. e4 c5 2. Nf3 d6 3. d4 cxd4 4. Qxd4 a6 5. h3 Nc6 6. Qe3 g6 7. c4 Bg7 8. Be2 Nf6 9. O-O O-O 10. Nc3 Be6 11. Rd1 Rc8 12. Rb1 Nd7 13. b3 h6 14. Bb2 Re8 15. Nd5 Bxd5 16. exd5 Nce5 17. Nd4 Nf6 18. Rbc1 Ned7 19. b4 Qb6 20. a3 h5 21.
Bd3 Kh7 22. Rc2 Ne5 23. Bf1 Bh6 24. Qe1 Qd8 25. Nb3 Nfd7 26. c5 Bg7 27. f4 a5 28. fxe5 a4 29. Na5 Nxe5 30. Nxb7 Qd7 31. c6 Qf5 32. Rf2 Qg5 33. Qd2 Qg3 34. Qe2 Bh6 35.
Bxe5 dxe5 36. Rxf7+ Kg8 37. Qf3 Be3+ 38. Kh1 Qg5 39. d6 exd6 40. Bc4 Kh8 41. Nxd6 Bf4 42. Nxe8 Rxe8 43. c7 e4 44. Qxf4 1-0

[Event "*** Titled Tuesday Blitz"]
[Site "Chess.com"]
[Date "2020.11.10"]
[Round "11"]
[White "andrzej"]
[Black "26andrej26"]
[Result "1-0"]
[WhiteElo "2405"]
[BlackElo "2520"]
[TimeControl "180+1"]
[EndTime "12:12:57 PST"]
[Termination "andrzej won on time"]

1. e4 c5 2. Nf3 d6 3. d4 cxd4 4. Nxd4 Nf6 5. Nc3 a6 6. Be3 e5 7. Nf3 Be7 8. Bc4 O-O 9. O-O Be6 10. Bb3 Nc6 11. Qe2 Na5 12. Rfd1 Nxb3 13. cxb3 Qa5 14. Nd2 b5 15. Bg5 Rac8 16. Nf1 b4 17. Bxf6 Bxf6 18. Nd5 Bg5 19. Nfe3 g6 20. Nc4 Qd8 21. Ndb6 Rc6 22. Nd5 f5 23. Nxb4 Bxc4 24. bxc4 Rc8 25. Nd5 fxe4 26. Qxe4 Qd7 27. Nb6 Qa7 28. Nxc8 Qxf2+ 29. Kh1 Rxc8 30. Qd5+ Kg7 31. Qxd6 Rxc4 32. Qxe5+ Kh6 33. Rd7 Bf6 34. Qd5 Rc2 35. Rg1 Rc5 36. Qg8 Bd4 37.
Rxh7+ Kg5 38. h4+ Kf5 39. Rf7+ Ke4 40. Rxf2 Rh5 41. Qxg6+ 1-0

[Event "*** Titled Tuesday Blitz"]
[Site "Chess.com"]
[Date "2020.11.10"]
[Round "11"]
[White "Zarikovs1999"]
[Black "bazar-wokzal"]
[Result "0-1"]
[WhiteElo "2382"]
[BlackElo "2507"]
[TimeControl "180+1"]
[EndTime "12:12:57 PST"]
[Termination "bazar-wokzal won by resignation"]

1. e4 c5 2. Nf3 d6 3. d4 cxd4 4. Nxd4 Nf6 5. f3 e5 6. Nb3 d5 7.
Bb5+ Nc6 8. Bg5 Be6 9. Bxf6 gxf6 10. exd5 Qxd5 11. Qxd5 Bxd5 12. Nc3 Be6 13. Na5 Rc8 14.
Nxb7 Bb4 15. O-O-O Ke7 16. a3 Bxc3 17. bxc3 Rc7 18. Nc5 Na5 19. Nxe6 fxe6 20. Rd3 Rg8 21. Rhd1 Rg7 22. Rd8 f5 23. Re8+ Kf6 24. Rd6 Rge7 25.
Rxe7 Kxe7 26. Ra6 Nc4 27. Bxc4 Rxc4 28. Rxa7+ Kf6 29. Rxh7 Rxc3 30. Kb2 Re3 31. Rh6+ Ke7 32. a4 e4 33. fxe4 Rxe4 34. Kb3 f4 35. Rh4 e5 36.
g3 Re3+ 37. c3 f3 38. Rh5 Ke6 39. Rh8 e4 40. Kc4 f2 41. Rf8 Rf3 0-1

[Event "*** Titled Tuesday Blitz"]
[Site "Chess.com"]
[Date "2020.11.10"]
[Round "11"]
[White "ural58"]
[Black "Harry_Rakkel"]
[Result "1-0"]
[WhiteElo "2389"]
[BlackElo "2515"]
[TimeControl "180+1"]
[EndTime "12:12:57 PST"]
[Termination "ural58 won on time"]

1. e4 c5 2. b3 b6 3. Bb2 Bb7 4. Qf3 Nc6 5. Qg3 Nf6 6. e5 Nd5 7. Nf3 e6 8. a3 a6 9. c4 Nde7 10.
Bd3 Qc7 11. O-O g6 12. Nc3 Nf5 13. Bxf5 gxf5 14. Rfe1 Be7 15. Nd5 exd5 16. cxd5 O-O-O 17. d6 Qb8 18. dxe7 Nxe7 19. e6 fxe6 20. Qxb8+ Kxb8 21. Bxh8 Rxh8 22. Ne5 Kc7 23. Rad1 Rg8 24. g3 Nd5 25. d4 h5 26. dxc5 bxc5 27. Nd3 h4 28. Nxc5 Bc6 29. Nxa6+ Kb6 30. Nb4 Nxb4 31. axb4 hxg3 32.
fxg3 f4 33. Rd3 f3 34. Kf2 Ra8 35. Rd2 Kb5 36. h4 Kxb4 37. g4 Kc3 38. Red1 Rg8 39. g5 e5 40. Ke3 Rf8 41. Rf2 d5 42. Rc1+ Kxb3 43. Rxc6 1-0

[Event "*** Titled Tuesday Blitz"]
[Site "Chess.com"]
[Date "2020.11.10"]
[Round "11"]
[White "Vanina1989"]
[Black "anon102030"]
[Result "1-0"]
[WhiteElo "2663"]
[BlackElo "2742"]
[TimeControl "180+1"]
[EndTime "12:12:58 PST"]
[Termination "Vanina1989 won by resignation"]

1. d4 Nf6 2. c4 e5 3. dxe5 Ng4 4. Nf3 Nc6 5. e3 Ngxe5 6. Nxe5 Nxe5 7. Nc3 g6 8. Be2 Bg7 9. O-O d6 10. e4 O-O 11. Be3 f5 12. exf5 Bxf5 13. h3 Be6 14.
Qb3 Qd7 15. f4 Nc6 16. Rad1 Qf7 17. Nd5 b6 18. Bf3 Na5 19. Qc2 c6 20. Nb4 Nxc4 21.
Bf2 d5 22. Nxc6 Rac8 23. Nd4 Bxd4 24. Bxd4 Ne3 25. Qe2 Nxf1 26. Rxf1 Bf5 27. Qe5 Qd7 28. Qh8+ Kf7 29. Qg7+ Ke8 30. Re1+ Be4 31. Bxe4 Qxg7 32. Bxg7 Kd7 33. Bxf8 dxe4 34. Bg7 Rc4 35. Bc3 Ke6 36. Kf2 b5 37. a3 h5 38. Rd1 a6 39. Ke3 Kf5 40. Rd5+ Ke6 41. Re5+ Kf7 42. Rxe4 Rc7 43. Rd4 Re7+ 44. Kf3 Rc7 45. Rd6 Ra7 46. Rf6+ 1-0

[Event "*** Titled Tuesday Blitz"]
[Site "Chess.com"]
[Date "2020.11.10"]
[Round "11"]
[White "Klavdia_Nik"]
[Black "zivicd"]
[Result "1-0"]
[WhiteElo "2124"]
[BlackElo "2225"]
[TimeControl "180+1"]
[EndTime "12:12:58 PST"]
[Termination "Klavdia_Nik won on time"]

1. Nf3 Nf6 2. c4 g6 3. b3 d6 4. d4 Bg7 5. Bb2 O-O 6. Nc3 Nbd7 7. d5 e5 8. dxe6 fxe6 9. g3 e5 10. Bg2 a5 11. O-O Nc5 12. Nb5 Kh8 13. h3 Nfe4 14. Nd2 Nxd2 15. Qxd2 Bd7 16. Nc3 Bc6 17. Nd5 Rf7 18. e4 Qd7 19. Rad1 b6 20. Bc3 Raf8 21.
Qc2 Qc8 22. a3 Bd7 23. Kh2 Ne6 24. Qb2 Ng5 25. f4 Nxh3 26. fxe5 Rxf1 27. Rxf1 Rxf1 28. Bxf1 Qf8 29. Bxh3 Bxh3 30. Kxh3 Qf1+ 31. Kh2 dxe5 32. Bxe5 Bxe5 33. Qxe5+ Kg8 34. Nf6+ Kf7 35. Ng4 Qe2+ 36. Kh3 Qf1+ 37. Kh4 1-0

[Event "*** Titled Tuesday Blitz"]
[Site "Chess.com"]
[Date "2020.11.10"]
[Round "11"]
[White "Goryachkina"]
[Black "IceBelka"]
[Result "1-0"]
[WhiteElo "2592"]
[BlackElo "2363"]
[TimeControl "180+1"]
[EndTime "12:12:59 PST"]
[Termination "Goryachkina won by resignation"]

1. Nf3 d5 2. e3 c5 3. b3 Nc6 4.
Bb2 Nf6 5. d4 cxd4 6. Nxd4 Nxd4 7. Qxd4 e6 8. Be2 Qc7 9. O-O Bd7 10. c4 dxc4 11. Bxc4 Bd6 12. h3 Bc6 13. Nc3 a6 14. Rfd1 Rd8 15. Qh4 O-O 16. Rac1 Bh2+ 17. Kh1 Be5 18. f4 Bxc3 19. Bxc3 Ne4 20. Be5 Qa5 21.
a4 Rd2 22. Kh2 Ng5 23. Qxg5 Rxg2+ 24. Qxg2 Bxg2 25. Kxg2 f6 26. Bxe6+ Kh8 27. Bc3 Qh5 28. Bg4 Qg6 29. Kf2 Qe4 30. Bf3 Qf5 31. Bg4 Qe4 32. Bd4 Qe7 33. Bc5 Qe8 34. Bxf8 Qxf8 35. Rc8 Qxc8 36.
Bxc8 1-0

[Event "*** Titled Tuesday Blitz"]
[Site "Chess.com"]
[Date "2020.11.10"]
[Round "11"]
[White "anon481216"]
[Black "nicoderboss24"]
[Result "1-0"]
[WhiteElo "2406"]
[BlackElo "2249"]
[TimeControl "180+1"]
[EndTime "12:12:59 PST"]
[Termination "anon481216 won on time"]

1. d4 d5 2. c4 e6 3. Nf3 c5 4.
cxd5 exd5 5. e3 Nc6 6. Bb5 Nf6 7. O-O Bd7 8. Nc3 a6 9. Bxc6 Bxc6 10. Ne5 Bd6 11. Nxc6 bxc6 12. dxc5 Bxc5 13. b3 O-O 14. Bb2 Re8 15. Rc1 Bd6 16. h3 Rc8 17. Na4 Ne4 18.
Bd4 c5 19. Ba1 Bb8 20. Qd3 Qd6 21. f4 f5 22. Rfd1 Red8 23. Nc3 Nf6 24. Qxf5 d4 25.
Na4 g6 26. Qd3 Qe7 27. exd4 Bxf4 28. Rxc5 Rxc5 29. Nxc5 Nd5 30. Rf1 Be3+ 31. Kh1 Rf8 32. Qc4 Rxf1+ 33. Qxf1 a5 34. a3 Qf7 35. Qxf7+ Kxf7 36. Nb7 a4 37. bxa4 Bd2 38. a5 Ke6 39. a6 Nc7 40. a7 Na8 41. g4 Kd5 42. Kg2 Bf4 43. Kf3 Bc7 44. Nc5 Bb6 45. Nd7 Bxa7 46. Nf6+ 1-0

[Event "*** Titled Tuesday Blitz"]
[Site "Chess.com"]
[Date "2020.11.10"]
[Round "11"]
[White "NefeLV"]
[Black "natelleka"]
[Result "0-1"]
[WhiteElo "1768"]
[BlackElo "2124"]
[TimeControl "180+1"]
[EndTime "12:13:00 PST"]
[Termination "natelleka won by checkmate"]

1. d4 d5 2. Bf4 Nc6 3. Nf3 Bg4 4.
e3 Nf6 5. Bd3 e6 6. Nbd2 Bd6 7.
Bg3 O-O 8. c3 Re8 9. Qc2 e5 10.
dxe5 Nxe5 11. Nxe5 Bxe5 12. Bxe5 Rxe5 13. O-O Qd7 14. c4 Rae8 15. cxd5 Rxd5 16. Ne4 Rxd3 17.
Nc5 Rd2 18. Qc3 Qd5 19. Nxb7 Ne4 20. Qxc7 Rc8 21. Qe7 Bd7 22. f3 Qxb7 23. fxe4 Rxg2+ 24. Kxg2 Bh3+ 25. Kxh3 Qxe7 26. Rf4 h6 27. Rd1 g5 28.
Rg4 Qe6 29. Kg3 f6 30. Kf3 h5 31. Rg3 g4+ 32. Ke2 h4 33. Rgg1 Qxe4 34. Rd2 Qf3+ 35.
Kd3 Rd8+ 36. Kc2 Rxd2+ 37. Kxd2 Qf2+ 38. Kd3 Qxg1 39. Kd4 g3 40. Ke4 gxh2 41. b4 h1=Q+ 42. Kd4 Qd1+ 43. Kc5 Qhd5# 0-1

[Event "*** Titled Tuesday Blitz"]
[Site "Chess.com"]
[Date "2020.11.10"]
[Round "11"]
[White "vladimirssvesnikovs"]
[Black "Nikolaj_6"]
[Result "1-0"]
[WhiteElo "2396"]
[BlackElo "2579"]
[TimeControl "180+1"]
[EndTime "12:13:03 PST"]
[Termination "vladimirssvesnikovs won by checkmate"]

1. e4 c5 2. c3 Nf6 3. e5 Nd5 4.
Nf3 g6 5. d4 cxd4 6. cxd4 Bg7 7. Qb3 Nb6 8. a4 a5 9. d5 d6 10. Be3 N6d7 11. e6 fxe6 12. dxe6 Nc5 13. Bxc5 dxc5 14. Bb5+ Nc6 15. O-O O-O 16. Bxc6 bxc6 17. Nc3 Qd6 18. Rfe1 Rb8 19. Qa2 Rb4 20. Rad1 Qf4 21. Ne2 Qg4 22. Ng3 Rxb2 23. Qa3 Rb4 24. h3 Qc4 25. Rc1 Qd5 26. Qe3 Rxa4 27. Rxc5 Qd6 28.
h4 Rxf3 29. gxf3 Bd4 30. Rxc6 Qxc6 31. Qf4 Qe8 32. Re4 Ra1+ 33. Kg2 Bf6 34. h5 g5 35.
Qf5 h6 36. Rc4 Kg7 37. Rxc8 Qxc8 38. Qg6+ Kf8 39. Qf7# 1-0

[Event "*** Titled Tuesday Blitz"]
[Site "Chess.com"]
[Date "2020.11.10"]
[Round "11"]
[White "monalize"]
[Black "profofchess"]
[Result "1-0"]
[WhiteElo "2327"]
[BlackElo "2408"]
[TimeControl "180+1"]
[EndTime "12:13:03 PST"]
[Termination "monalize won on time"]

1. e4 e6 2. d4 d5 3. Nd2 Nf6 4. e5 Nfd7 5. Bd3 c5 6. c3 Nc6 7.
Ne2 cxd4 8. cxd4 f6 9. exf6 Nxf6 10. Nf3 Bd6 11. O-O Qc7 12. b3 O-O 13. Bb2 Bd7 14. Rc1 Rae8 15. Ng3 Qb8 16. Re1 Bf4 17. Rc3 Re7 18.
Bb1 Be8 19. a3 Nh5 20. b4 a6 21. Bc1 Bd6 22. Rce3 Nf4 23. Ng5 Bg6 24. Bxg6 hxg6 25.
Nxe6 Nxe6 26. Rxe6 Rfe8 27. Rxe7 Rxe7 28. Rxe7 Bxe7 29.
Be3 Bf6 30. Ne2 a5 31. b5 Ne7 32. a4 Qd6 33. Qb3 Nf5 34. Nc3 Nxe3 35. fxe3 Kh7 36. Nxd5 Qe6 37. Nxf6+ Qxf6 38. Qd3 Qe6 39. d5 Qe5 40. d6 Qa1+ 41. Kf2 Qb2+ 42. Kf3 Qf6+ 43. Ke2 Qb2+ 44. Qd2 1-0

[Event "*** Titled Tuesday Blitz"]
[Site "Chess.com"]
[Date "2020.11.10"]
[Round "11"]
[White "lilleper1"]
[Black "GothamChess"]
[Result "0-1"]
[WhiteElo "2810"]
[BlackElo "2670"]
[TimeControl "180+1"]
[EndTime "12:13:04 PST"]
[Termination "GothamChess won by resignation"]

1. e4 c6 2. d4 d5 3. Nc3 a6 4. Nf3 Bg4 5. h3 Bxf3 6. Qxf3 e6 7. Bd3 Nf6 8. Be3 Be7 9. h4 h5 10. O-O-O Nbd7 11. Qg3 Ng4 12. Bf4 g6 13. f3 Ngf6 14. e5 Nh7 15. Qh3 Nhf8 16. Kb1 c5 17. dxc5 Qa5 18. g4 Nxc5 19. Be2 Rc8 20. gxh5 Rxh5 21. Qg4 b5 22. Nxd5 Nfd7 23. Nxe7 Kxe7 24. Bg5+ Ke8 25. Qd4 Qc7 26. f4 Rh8 27. Rd2 Qc6 28. Rhd1 Rc7 29.
c3 Ne4 30. Rd3 Nxg5 31. hxg5 Kf8 32. Bf3 Qc5 33. Qe4 Kg7 34. Rxd7 Rxd7 35. Rxd7 b4 36.
Rd1 bxc3 37. Qc2 Rb8 38. b3 Qe3 39. Be4 Qxf4 40. Re1 Qxe5 41. Bd3 Qxe1+ 42. Qc1 Qxc1+ 0-1